 Dungeon Crawl Stone Soup version 0.29.0-4-gdea44cf6ec (webtiles) character file.

Game seed: 14133311221302996031

44 112233 the Digger (level 3, -2/14 HPs)
             Began as a Felid Earth Elementalist on Aug 27, 2022.
             Slain by an orc priest
             ... wielding a +0 falchion
              (9 damage)
             ... on level 2 of the Dungeon.
             The game lasted 00:01:39 (2335 turns).

112233 the Digger (Felid Earth Elementalist)        Turns: 2335, Time: 00:01:40

Health: -2/14      AC:  1    Str:  4    XL:     3   Next: 41%
Magic:  4/7        EV: 17    Int: 18    God:
Gold:   180        SH:  0    Dex: 16    Spells: 5/6 levels left
                                        Lives:  0   Deaths: 1

rFire   . . .      SeeInvis +   (weapon unavailable)
rCold   . . .      Faith    .   (shield unavailable)
rNeg    . . .      Spirit   .   (body armour unavailable)
rPois   .          Reflect  .   (helmet unavailable)
rElec   .          Harm     .   (cloak unavailable)
rCorr   .          Rampage  .   (gloves unavailable)
Will    .....                   (boots unavailable)
Stlth   ++........              (no amulet)
HPRegen 0.04/turn               (no ring)
MPRegen 0.10/turn               (no ring)

@: quick
A: very small, claws 1, fangs 3, see invisible, speed 1, shaggy fur 1, stealthy
paws, no weapons or thrown items, no armour, multi-lived
a: no special abilities


You were on level 2 of the Dungeon.
You visited 1 branch of the dungeon, and saw 3 of its levels.

You collected 180 gold pieces.

Inventory:

Scrolls
 c - a scroll of silence {unknown}
 d - 5 scrolls of identify {unknown}
 e - a scroll of enchant armour {unknown}
 f - a scroll of teleportation {unknown}
 g - 2 scrolls of immolation {unknown}
Potions
 a - a potion of magic
 b - 2 potions of attraction {unknown}
 h - a potion of degeneration {unknown}


   Skills:
 - Level 2.6 Dodging
 - Level 2.6 Stealth
 - Level 2.0 Spellcasting
 - Level 1.1 Transmutations
 * Level 4.8 Earth Magic


You had 5 spell levels left.
You knew the following spells:

 Your Spells              Type           Power      Damage    Failure   Level
a - Sandblast             Erth           38%        2d10      2%          1

Your spell library contained the following spells:

 Spells                   Type           Power      Damage    Failure   Level
 Passwall                 Tmut/Erth      10%        N/A       9%          2
 Stone Arrow              Conj/Erth      20%        3d8       21%         3
 Petrify                  Tmut/Erth      12%        N/A       47%         4


Dungeon Overview and Level Annotations

Branches:
Dungeon (3/15)

Altars:


Innate Abilities, Weirdness & Mutations

You have sharp claws.
You have razor-sharp teeth.
You have supernaturally acute eyesight. (SInv)
You cover ground quickly. (Speed+)
You are covered in fur. (AC +1)
Your paws help you pounce on unaware monsters.
You are incapable of wielding weapons or throwing items.
You cannot wear armour.
You gain extra lives every three experience levels.


Message History

Things that are here:
a +0 flail; a +0 sling; 2 stones
There is an open door here.
There is an open door here.
An orc priest is nearby!
An orc priest is nearby!
An orc priest is nearby!
Casting: Sandblast (safe; 2% risk of failure)
Confirm with . or Enter, or press ? or * to list all spells.
You can't see any susceptible monsters within range! (Use Z to cast anyway.)
Casting: Sandblast (safe; 2% risk of failure)
Confirm with . or Enter, or press ? or * to list all spells.
You can't see any susceptible monsters within range! (Use Z to cast anyway.)
Casting: Sandblast (safe; 2% risk of failure)
Confirm with . or Enter, or press ? or * to list all spells.
Aiming: Sandblast (safe; 2% risk of failure)
Press: ? - help, Shift-Dir - straight line, f - orc priest
Aim: an orc priest, wielding a +0 falchion and wearing a +0 leather armour (wandering, hasn't noticed you, 82% to hit)
The blast of sand hits the orc priest but does no damage.
The orc priest calls down the wrath of Beogh upon you.
You barely resist.
Casting: Sandblast (safe; 2% risk of failure)
Confirm with . or Enter, or press ? or * to list all spells.
Aiming: Sandblast (safe; 2% risk of failure)
Press: ? - help, Shift-Dir - straight line, f/p - orc priest
Aim: an orc priest, wielding a +0 falchion and wearing a +0 leather armour (82% to hit)
The blast of sand misses the orc priest.
The orc priest hits you with a +0 falchion!
Ouch! That really hurt!
Casting: Sandblast (safe; 2% risk of failure)
Confirm with . or Enter, or press ? or * to list all spells.
Aiming: Sandblast (safe; 2% risk of failure)
Press: ? - help, Shift-Dir - straight line, f/p - orc priest
Aim: an orc priest, wielding a +0 falchion and wearing a +0 leather armour (82% to hit)
The blast of sand hits the orc priest.
The orc priest is moderately wounded.
The orc priest closely misses you.
The orc priest hits you with a +0 falchion!
Ouch! That really hurt!
You die...

#.######.###.# #........#
#.# ## ########### #.# ..
##.## ###.# .# ##.#.##
##...## .#
##.###.######.....####.####
#.##......##....†....)....#
##.#.#.##.#.........##.##.##
##...###...o@......# .....
#...)####.........#####.#
##.#.# ##...........##.####
###)# #.#.......#.......#
#.# #.#.~...~.#.##.##.# #.#
#.#.......#.##.##.# #.#
#.#.......#.##..... #.#
#.#.......#.#####.# #.#
#.#.~...~.#.# ###.#


You could see an orc priest.

Vanquished Creatures
  An orc priest (D:2)
  3 adders
  2 dart slugs
  4 orcs (D:2)
  3 endoplasms
  2 giant cockroaches (D:3)
  2 goblins (D:1)
  A hobgoblin (D:2)
  3 quokkas
  3 ball pythons
  3 bats
  2 frilled lizards
  A kobold (D:2)
  4 rats
34 creatures vanquished.

Notes
Turn   | Place    | Note
-------+----------+-------------------------------------------
     0 | D:1      | 112233 the Felid Earth Elementalist began the quest for the
                  | Orb.
     0 | D:1      | Reached XP level 1. HP: 7/7 MP: 4/4
   683 | D:1      | Reached skill level 3 in Earth Magic
   745 | D:1      | Reached XP level 2. HP: 9/11 MP: 3/6
   853 | D:1      | Found a faded altar of an unknown god.
  1232 | D:3      | Reached XP level 3. HP: 14/14 MP: 1/7
  1443 | D:2      | Reached skill level 4 in Earth Magic
  2133 | D:2      | Reached XP level 4. HP: 12/18 MP: 1/8
  2253 | D:2      | Killed from afar by an orc priest
  2254 | D:2      | Reached XP level 3. HP: -3/14 MP: 7/7
  2335 | D:2      | Slain by an orc priest

Illustrated notes

Levels and vault maps discovered:
D:1:      dpeg_arrival_three_bigger_balls, layout_basic,
          chequers_ecumenical_altar_island
D:2:      cheibrodos_pilgrimage, layout_loops_corners
D:3:      layout_rooms, serial_curves, eino_curves_04, eino_curves_04,
          eino_curves_02, minivault_4, minmay_snake_closets

Skill      XL: |  1  2  3 |
---------------+----------+-----
Earth Magic    | 3 4 |  4.8
Dodging        | |  2.6
Stealth        | |  2.6
Spellcasting   | |  2.0
Transmutations | |  1.1

Action                   |  1- 3 |  4- 6 || total
-------------------------+-------+-------++-------
Melee: Unarmed           |     2 |       ||     2
 Cast: Sandblast         |    49 |     4 ||    53
Armor: Skin              |     1 |       ||     1
Dodge: Dodged            |    12 |       ||    12
